 Dungeon Crawl Stone Soup version 0.14-a0-1266-g856eec9 (console) character file.

658 Illaniel the Slasher (level 6, -11/42 HPs)
             Began as a High Elf Skald on Dec 4, 2013.
             Mangled by an ogre
             ... wielding a +1,+2 great mace of draining
              (14 damage)
             ... on Level 5 of the Dungeon.
             The game lasted 00:21:21 (4201 turns).

Illaniel the Slasher (High Elf Skald)               Turns: 4201, Time: 00:21:22

HP -11/42        AC  7     Str 11      XL: 6   Next: 98%
MP   0/17        EV 11     Int 22      God:
Gold 149         SH  0     Dex 15      Spells:  5 memorised,  1 level left

rFire  . . .     SeeInvis .     a - +0 elf falchion (curse)
rCold  . . .     Clarity  .     b - +1 elf leather armour
rNeg   . . .     Conserve .     (no shield)
rPois  .         rCorr    .     g - +2 helmet
rElec  .         rRot     .     (no cloak)
SustAb . .       Spirit   .     (no gloves)
rMut   .         Warding  .     (no boots)
Saprov . . .     RndTele  +     (no amulet)
                                q - cursed ring of teleportation
                                B - +4 ring of intelligence

@: drained, slightly resistant to hostile enchantments, unstealthy
A: no striking features
a: Stop Singing, Evoke Teleportation


You were on level 5 of the Dungeon.
You were hungry.

You visited 1 branch of the dungeon, and saw 5 of its levels.

You collected 149 gold pieces.

Inventory:

Hand weapons
 a - a cursed +0,+0 elven falchion (weapon)
 s - a cursed +0,-1 sling
 v - a cursed -1 blowgun
 D - a +0,+1 orcish falchion
Missiles
 r - 37 poisoned needles
Armour
 b - a +1 elven leather armour (worn)
 g - a +2 helmet (worn)
Comestibles
 d - 4 bread rations
 h - 2 apples
 j - 4 chunks of ogre flesh
 u - a cheese
 z - a meat ration
 E - a pear
Scrolls
 l - 2 scrolls of curse weapon
 w - a scroll of amnesia
 y - a scroll of teleportation
 A - a scroll of enchant armour
Jewellery
 k - a +5 ring of strength
 q - a cursed ring of teleportation (right hand)
 B - a +4 ring of intelligence (left hand)
Potions
 e - 3 potions of flight
 f - 2 potions of confusion
 i - a potion of cure mutation
 m - a potion of restore abilities {unknown}
 n - a potion of beneficial mutation {unknown}
 o - a potion of porridge
 p - a potion of mutation {unknown}
 t - a potion of poison {unknown}
 x - a potion of brilliance {unknown}
 C - a potion of curing {unknown}
 F - a potion of magic
Books
 c - a book of Battle

   Spells                             Type                      Level
   *Infusion                          Charms                       1
   *Shroud of Golubria                Charms/Translocation         2
   *Song of Slaying                   Charms                       2
   *Spectral Weapon                   Hexes/Charms                 3
   *Regeneration                      Charms/Necromancy            3


   Skills:
 + Level 3.6(3.0) Fighting
 * Level 4.8(4.2) Long Blades
 * Level 2.6(2.0) Armour
 * Level 3.2(2.6) Dodging
 + Level 3.8(3.2) Spellcasting
 + Level 4.7(4.1) Charms


You had one spell level left.
You knew the following spells:

 Your Spells              Type           Power        Failure   Level  Hunger
a - Infusion              Chrm           ###...       2%          1    None
b - Song of Slaying       Chrm           ###.....     4%          2    ##.....
c - Spectral Weapon       Hex/Chrm       ##......     17%         3    ###....
h - Shroud of Golubria    Chrm/Tloc      ##........   10%         2    ##.....
r - Regeneration          Chrm/Necr      ##........   17%         3    ###....


Dungeon Overview and Level Annotations

Branches:
Dungeon (5/16)
 Temple: D:4-7

Altars:
Kikubaaqudgha

Shops:
D:4 }


Message History

You feel drained.
* * * LOW HITPOINT WARNING * * *
You hit the ogre!
The ogre is heavily wounded.
Your spectral weapon hits the ogre.
The ogre closely misses you.
You hit the ogre but do no damage.
The ogre is severely wounded.
Your spectral weapon hits the ogre.
You barely miss the ogre.
The ogre is almost dead.
Your spectral weapon hits the ogre but does no damage.
The ogre closely misses you.
You hit the ogre but do no damage.
The ogre is almost dead.
Your spectral weapon fades away.
The ogre misses you.
You hit the ogre.
The ogre is almost dead.
The ogre hits you with a great mace of draining!
You die... ∙∙∙∙∙∙∙∙∙ ∙∙∙∙∙∙∙∙∙∙∙h∙ ∙∙∙∙∙∙∙∙∙∙∙∙∙∙∙ ∙∙∙∙∙∙∙∙∙∙∙∙∙∙∙∙∙ ∙∙∙∙∙∙∙∙∙∙∙∙∙∙∙∙∙∙∙ ∙∙∙∙∙∙∙∙∙∙∙∙?∙∙∙∙∙∙∙

∙∙∙≈≈##∙∙∙∙∙∙∙∙∙∙∙∙∙∙∙∙
Ω∙∙≈####∙∙∙∙∙∙∙∙∙∙∙∙∙∙∙∙∙
Ω∙∙#≈#≈#∙∙∙∙∙∙∙∙∙∙∙∙∙∙∙∙∙∙
∙∙∙≈≈#≈≈∙∙∙∙O∙∙∙∙∙∙∙∙∙∙∙∙∙∙
∙∙∙∙∙≈≈≈∙∙∙∙∙@∙∙≈≈≈∙∙∙∙∙∙∙∙∙
∙∙∙∙∙∙∙∙∙∙∙∙∙∙∙≈≈#≈##∙∙∙∙∙∙∙
∙∙∙∙∙∙∙∙∙∙∙∙∙∙∙≈≈###∙∙∙∙∙∙∙∙∙
∙∙∙∙∙∙∙∙∙∙∙[∙∙∙≈≈≈##∙∙∙∙∙∙∙∙∙
∙∙∙∙∙∙∙∙∙∙∙∙∙∙∙∙≈≈≈∙∙∙∙∙∙∙∙∙∙


∙∙∙∙∙∙∙∙∙∙∙∙∙∙∙∙∙∙∙%∙∙∙∙∙∙∙∙∙ ≈∙∙∙∙∙∙∙∙∙∙∙(∙∙∙∙∙∙∙∙∙∙∙∙∙∙∙∙
#≈∙∙∙∙∙∙∙∙∙∙∙(∙∙∙∙%∙∙∙∙∙∙∙∙∙ ≈≈∙∙∙∙∙∙<∙<∙(∙∙∙∙∙∙∙∙∙∙∙∙∙∙∙
≈≈∙∙∙∙∙∙∙<∙∙∙∙∙∙∙∙∙∙∙∙∙∙∙∙∙∙ ∙∙∙∙∙∙∙∙∙∙∙∙∙∙∙∙∙∙∙∙∙∙∙∙∙∙ You could see an ogre.

Vanquished Creatures
  An ogre (D:5)
  A hound (D:4)
  An orc wizard (D:3)
  3 orc priests
  A scorpion (D:5)
  An iguana (D:4)
  An ogre skeleton (D:4)
  4 adders
  4 gnolls (D:4)
  A big fish zombie (D:3)
  A giant mite (D:1)
  A worm (D:2)
  3 giant geckos
  An ooze (D:3)
  9 orcs
  3 bat zombies (D:3)
  2 giant cockroaches
  11 goblins
  11 hobgoblins
  A jackal (D:4)
  9 kobolds
  3 quokkas
  2 ball pythons
  15 bats
  4 giant newts
  18 rats
  2 rat zombies (D:3)
114 creatures vanquished.

Vanquished Creatures (others)
  A spectral weapon (D:5)
1 creature vanquished.

Grand Total: 115 creatures vanquished

Notes
Turn   | Place    | Note
--------------------------------------------------------------
     0 | D:1      | Illaniel, the High Elf Skald, began the quest for the Orb.
     0 | D:1      | Reached XP level 1. HP: 14/14 MP: 4/4
    18 | D:1      | Reached skill level 1 in Armour
    32 | D:1      | Reached XP level 2. HP: 9/19 MP: 0/6
    38 | D:1      | Learned a level 2 spell: Shroud of Golubria
   354 | D:1      | Reached skill level 4 in Charms
   470 | D:1      | Reached XP level 3. HP: 12/25 MP: 1/8
   475 | D:1      | Learned a level 3 spell: Regeneration
  1148 | D:2      | Reached XP level 4. HP: 19/30 MP: 0/12
  1169 | D:2      | Learned a level 3 spell: Spectral Weapon
  2159 | D:3      | Reached XP level 5. HP: 16/36 MP: 2/14
  3064 | D:3      | Found an ancient bone altar of Kikubaaqudgha.
  3435 | D:4      | Learned a level 2 spell: Song of Slaying
  3501 | D:4      | Reached XP level 6. HP: 39/42 MP: 7/17
  3577 | D:4      | Found Coisia's Gadget Shop.
  3917 | D:5      | Entered Level 5 of the Dungeon
  3989 | D:5      | HP: 2/42 [orc priest/orcish flail (4)]
  4196 | D:5      | HP: 2/42 [ogre/glowing great mace (12)]
  4201 | D:5      | Mangled by an ogre

Action                   |  1- 3 |  4- 6 || total
-------------------------+-------+-------++-------
Melee: Falchion          |   128 |   195 ||   323
 Cast: Infusion          |    19 |    33 ||    52
       Shroud of Golubri |    13 |    22 ||    35
       Regeneration      |     4 |    13 ||    17
       Spectral Weapon   |       |    18 ||    18
       Song of Slaying   |       |     1 ||     1
  Use: Scroll            |       |    13 ||    13
       Potion            |       |     1 ||     1
